 Dungeon Crawl Stone Soup version 0.26-a0-712-ga5a9c9c9d0 (webtiles) character file.

Game seed: 13125323986066186946

472 kae the Insei (level 7, -2/41 HPs)
             Began as a Tengu Transmuter on Nov 12, 2020.
             Slain by Grinder (6 damage)
             ... on level 4 of the Dungeon.
             The game lasted 00:02:41 (4879 turns).

kae the Insei (Tengu Transmuter)                    Turns: 4879, Time: 00:02:42

Health: -2/41      AC:  2    Str: 12    XL:     7   Next: 9%
Magic:  9/11       EV: 20    Int: 13    God:
Gold:   233        SH:  0    Dex: 20    Spells: 6/10 levels left

rFire    . . .     SeeInvis .     - Unarmed
rCold    . . .     Faith    .   (shield currently unavailable)
rNeg     . . .     Spirit   .   (armour currently unavailable)
rPois    x         Reflect  .   (helmet currently unavailable)
rElec    .         Harm     .   (cloak currently unavailable)
rCorr    .         Rampage  .   (gloves currently unavailable)
MR       .....                  (boots unavailable)
Stlth    ++........             (no amulet)
HPRegen  0.13/turn              (no ring)
MPRegen  0.12/turn              (no ring)

@: spider-form (expiring)
A: tiny, able to fly
a: Fly, End Transformation


You were on level 4 of the Dungeon.
You were a venomous arachnid creature.
You visited 1 branch of the dungeon, and saw 4 of its levels.

You collected 233 gold pieces.

Inventory:

Armour
 a - a +0 robe (melded)
Jewellery
 d - an uncursed ring of stealth {unknown}
 f - an uncursed ring of protection from fire {unknown}
 g - a +6 ring of intelligence
 m - an uncursed amulet of reflection {unknown}
 t - a +6 ring of dexterity {unknown}
Wands
 j - a wand of acid (12)
 s - a wand of disintegration (14)
Scrolls
 b - a scroll of magic mapping
 e - a scroll of teleportation
 i - a scroll of fear {unknown}
 k - 4 scrolls of remove curse
 n - 2 scrolls of identify
 q - a scroll of blinking {unknown}
 r - 3 scrolls of amnesia {unknown}
Potions
 c - 2 potions of heal wounds
 h - 3 potions of brilliance
 l - 2 potions of mutation {unknown}
 o - 2 potions of degeneration {unknown}
 p - a potion of resistance {unknown}


   Skills:
 + Level 3.5 Fighting
 - Level 2.1 Dodging
 + Level 5.1 Unarmed Combat
 - Level 2.0 Spellcasting
 * Level 4.4 Transmutations


You had 6 spell levels left.
You knew the following spells:

 Your Spells              Type           Power        Failure   Level
a - Beastly Appendage     Tmut           ##....       13%         1
b - Spider Form           Tmut/Pois      #.........   52%         3

Your spell library contained the following spells:

 Spells                   Type           Power        Failure   Level
 Wereblood                Tmut           ##......     17%         2
 Ice Form                 Ice/Tmut       #.......     87%         4
 Blade Hands              Tmut           ##........   89%         5


Dungeon Overview and Level Annotations

Branches:
Dungeon (4/15)
 Temple: D:4-7

Altars:
Trog

Annotations:
D:4 Grinder


Innate Abilities, Weirdness & Mutations

((You have a beak for a mouth.))
((You have claws for feet.))
You can fly continuously.


Message History

Your transformation is almost over.
You hit Grinder.
Grinder looks as sick as possible!
Grinder is heavily wounded.
Grinder says, "Make like a tree!"
Grinder blinks!
Grinder gestures at you.
You struggle to resist.
You barely miss Grinder.
Grinder is severely wounded.
Grinder gestures at you. Pain shoots through your body!
* * * LOW HITPOINT WARNING * * *
You closely miss Grinder.
Grinder is severely wounded.
Grinder hits you!
* * * LOW HITPOINT WARNING * * *
You hit Grinder.
Grinder is almost dead.
Grinder hits you.
You die...

###### #########
......##........
.....>..........
................
................
................
................
########s5......
####........
##......#####
#...###.#
####.......#
.........####
######......#
.....#.##.#
##...[..#.#


You could see Grinder (extremely poisoned).

Vanquished Creatures
  2 hounds
  An orc priest (D:4)
  2 orc wizards
  2 worker ants (D:4)
  Ijyb (D:3)
  A hound skeleton (D:4)
  A worker ant zombie (D:4)
  3 gnolls (D:3)
  14 adders
  An ooze (D:1)
  2 worms
  2 dart slugs
  11 orcs
  A giant cockroach (D:3)
  5 goblins (D:3)
  6 hobgoblins
  2 quokkas (D:3)
  7 bats
  4 frilled lizards
  3 kobolds (D:3)
  A rat (D:3)
72 creatures vanquished.

Vanquished Creatures (others)
  2 plants (D:4)
2 creatures vanquished.

Grand Total: 74 creatures vanquished

Notes
Turn   | Place    | Note
-------+----------+-------------------------------------------
     0 | D:1      | kae the Tengu Transmuter began the quest for the Orb.
     0 | D:1      | Reached XP level 1. HP: 12/12 MP: 4/4
   303 | D:1      | Reached XP level 2. HP: 9/16 MP: 4/6
   834 | D:2      | Reached XP level 3. HP: 3/20 MP: 7/7
  1557 | D:2      | Learned a level 3 spell: Spider Form
  1585 | D:2      | Reached skill level 4 in Unarmed Combat
  1585 | D:2      | Reached XP level 4. HP: 14/26 MP: 6/8
  2129 | D:3      | Gained mutation: You can fly continuously. [Tengu growth]
  2129 | D:3      | Reached XP level 5. HP: 22/31 MP: 9/9
  2572 | D:3      | Noticed Ijyb
  2585 | D:3      | Killed Ijyb
  3057 | D:3      | Reached XP level 6. HP: 24/36 MP: 10/10
  4219 | D:4      | Found a bloodstained altar of Trog.
  4275 | D:4      | Reached skill level 5 in Unarmed Combat
  4534 | D:4      | Reached XP level 7. HP: 41/41 MP: 9/11
  4860 | D:4      | Noticed Grinder
  4879 | D:4      | Slain by Grinder

Illustrated notes

Levels and vault maps discovered:
D:1:      lightli_arrival_flooded_house, layout_rooms
D:2:      layout_loops_ring
D:3:      layout_loops_corners, uniq_ijyb
D:4:      layout_basic, bloody_trog, guppyfry_early_lair_pool, uniq_grinder

Skill      XL: |  1  2  3  4  5  6 |
---------------+-------------------+-----
Transmutations | 2 3 4 |  4.4
Fighting       | 2 3 |  3.5
Unarmed Combat | 4 5 |  5.1
Dodging        | |  2.1
Spellcasting   | |  2.0

Action                   |  1- 3 |  4- 6 |  7- 9 || total
-------------------------+-------+-------+-------++-------
Melee: Unarmed           |    53 |   169 |    26 ||   248
       Peck              |     8 |    11 |     3 ||    22
       Kick              |    15 |    28 |     1 ||    44
       Punch             |     2 |     3 |       ||     5
       Headbutt          |     2 |     5 |       ||     7
 Cast: Beastly Appendage |    10 |    16 |     1 ||    27
       Spider Form       |       |     7 |     2 ||     9
  Use: Scroll            |     7 |       |       ||     7
       Potion            |     2 |     3 |       ||     5
 Stab: Sleeping          |       |     1 |       ||     1
Armor: Robe              |    13 |    14 |       ||    27
       Skin              |       |     1 |     3 ||     4
Dodge: Dodged            |    32 |   113 |    22 ||   167

Table legend: (Time is in decaauts)
 A = Elapsed time spent in this place.
 B = Non-inter-level travel time spent in this place.
 C = Inter-level travel time spent in this place.
 D = Time resting spent in this place.
 E = Time spent auto-exploring this place.
 F = Levels seen in this place.
 G = Mean time per level.
                   A        B        C        D        E       F      G
               +--------+--------+--------+--------+--------+-----+--------+
         Total |   4842 |   4789 |     53 |    533 |   3687 |   4 | 1210.5 |
       Dungeon |   4842 |   4789 |     53 |    533 |   3687 |   4 | 1210.5 |
               +--------+--------+--------+--------+--------+-----+--------+

Top non-repeatable levels by time:
     D:3: 1781 daAuts
     D:2: 1308 daAuts
     D:4: 959 daAuts
     D:1: 792 daAuts
